AoeStats
← Joestar

Black Forest

510586421Analyzed
3v3 RM · 21h ago on Oct 1, 2026· 58m 2s· 6 players
Game mode
Random Map
Map size
Normal (6 player)
Population
200
Speed
Normal
Resources
Standard
Victory
Conquest
Starting age
Dark Age
Ending age
Imperial Age
RankedLock teamsTeams togetherTeam positionsShared explorationLock speedFull tech treeHidden civsTurbo modeCheats
Victory
Defeat
🇵🇪 Maya · Peru
1396
+11
🇩🇪 Britons · Germany
1390
+11
🇨🇭 Franks · Switzerland
1324
+15
🇧🇷 Muisca · Brazil
1324
-14
🇧🇷 Saracens · Brazil
1275
-12
🇧🇷 Goths · Brazil
1254
-11
Tesla_G
2:25 Loom
4:59 Loom
12:14 Feudal Age
14:16 Double-Bit Axe
16:41 Castle Age
14:52 Horse Collar
18:03 Bow Saw
21:32 Wheelbarrow
24:36 Gold Mining
24:51 Heavy Plow
28:05 Hand Cart
31:24 Imperial Age
29:17 Pikeman
29:57 Squires
30:00 Scale Mail Armor
30:25 Forging
30:58 Stone Mining
31:44 Halberdier
32:46 Conscription
34:38 Two-Man Saw
34:18 Perfusion
35:39 Chemistry
35:21 Treadmill Crane
36:46 Chain Mail Armor
37:06 Iron Casting
37:28 Masonry
38:03 Iron Casting
38:51 Stone Shaft Mining
42:58 Blast Furnace
42:07 Padded Archer Armor
42:21 Elite Skirmisher
43:04 Fletching
46:32 Leather Archer Armor
49:56 Ring Archer Armor
55:00 Caravan
56:40 Anarchy
Filho da Viuva
0:34 Loom
11:12 Feudal Age
11:59 Double-Bit Axe
12:14 Horse Collar
24:13 Fletching
24:24 Padded Archer Armor
35:17 Castle Age
37:08 Crossbowman
42:49 Thumb Ring
43:43 Elite Skirmisher
44:48 Bodkin Arrow
45:08 Leather Archer Armor
46:16 Wheelbarrow
46:02 Scale Mail Armor
53:22 Imperial Age
54:27 Ballistics
56:29 Bow Saw
TIRA-ONDA
0:26 Loom
11:55 Feudal Age
12:41 Champi Runner
17:15 Double-Bit Axe
17:10 Horse Collar
19:58 Fletching
22:45 Castle Age
23:58 Bow Saw
23:48 Heavy Plow
23:48 Gold Mining
23:48 Stone Mining
26:54 Wheelbarrow
26:38 Town Watch
33:27 Imperial Age
32:09 Hand Cart
31:50 Crossbowman
33:06 Bodkin Arrow
33:51 Thumb Ring
33:50 Padded Archer Armor
33:56 Squires
35:20 Ballistics
36:01 Chemistry
36:41 Two-Man Saw
35:52 Elite Skirmisher
37:09 Bracer
37:43 Siege Engineers
37:55 Leather Archer Armor
37:02 Arbalester
37:39 Pikeman
39:36 Conscription
39:58 Scale Mail Armor
40:08 Forging
40:44 Coinage
40:53 Herbalism
42:22 Crop Rotation
44:26 Chain Mail Armor
44:46 Iron Casting
46:20 Onager
47:54 Plate Mail Armor
47:05 Treadmill Crane
47:36 Masonry
47:39 Siege Onager
48:24 Elite Guecha Warrior
49:53 Gold Shaft Mining
49:09 Stone Mining
50:04 Banking
52:33 Guard Tower
52:38 Murder Holes
52:14 Elite Temple Guard
54:30 Huaracas
55:01 Hoardings
ToTheAnd
0:52 Loom
12:04 Feudal Age
16:47 Castle Age
17:20 Fletching
24:53 Double-Bit Axe
26:58 Horse Collar
30:23 Gold Mining
31:52 Wheelbarrow
31:48 Town Watch
32:27 Heavy Plow
32:41 Bow Saw
32:27 Stone Mining
36:51 Imperial Age
34:04 Man-at-Arms
35:05 Scale Mail Armor
35:28 Forging
35:14 Long Swordsman
36:32 Chain Mail Armor
36:34 Bodkin Arrow
36:35 Gambesons
37:35 Bracer
37:40 Two-Handed Swordsman
39:01 Padded Archer Armor
38:25 Crossbowman
39:27 Ballistics
40:20 Gold Shaft Mining
40:12 Leather Archer Armor
39:44 Arbalester
41:46 Chemistry
41:54 Ring Archer Armor
42:04 Chain Mail Armor
42:34 Hand Cart
43:08 Iron Casting
44:32 Squires
43:53 Champion
44:43 Capped Ram
46:41 Plate Mail Armor
45:59 Arson
47:44 Blast Furnace
48:24 Yeomen
48:27 Conscription
49:24 Yeomen
49:41 Siege Engineers
49:50 Caravan
50:03 Scale Barding Armor
51:28 Masonry
52:14 Elite Skirmisher
52:47 Pikeman
54:55 Hoardings
54:53 Architecture
58:28 Two-Man Saw
Tenohmox
7:34 Loom
12:12 Feudal Age
16:01 Castle Age
13:57 Double-Bit Axe
17:43 Bow Saw
21:19 Scale Barding Armor
22:46 Forging
22:40 Gold Mining
27:13 Wheelbarrow
31:06 Imperial Age
28:25 Town Watch
29:28 Chain Barding Armor
30:54 Gold Shaft Mining
30:44 Husbandry
31:53 Iron Casting
32:14 Hand Cart
32:00 Stone Mining
33:19 Caravan
34:59 Blast Furnace
33:22 Cavalier
33:56 Fletching
35:17 Chemistry
35:26 Scale Mail Armor
34:59 Elite Throwing Axeman
35:47 Chivalry
36:08 Conscription
38:17 Plate Barding Armor
37:49 Paladin
39:30 Bodkin Arrow
40:19 Padded Archer Armor
40:42 Ballistics
42:21 Leather Archer Armor
42:18 Masonry
43:48 Chain Mail Armor
44:06 Architecture
43:42 Siege Engineers
46:52 Murder Holes
47:07 Elite Skirmisher
47:39 Treadmill Crane
50:23 Plate Mail Armor
49:39 Arrowslits
51:16 Guard Tower
56:34 Town Patrol
56:47 Fortified Wall
Joestar
0:27 Loom
11:30 Feudal Age
12:13 Man-at-Arms
25:29 Fletching
26:30 Wheelbarrow
28:52 Castle Age
27:17 Forging
28:16 Scale Mail Armor
29:54 Long Swordsman
32:26 Squires
33:00 Hand Cart
32:45 Double-Bit Axe
37:35 Stone Mining
37:59 Gold Mining
41:27 Imperial Age
40:01 Stone Shaft Mining
40:00 Padded Archer Armor
41:08 Thumb Ring
41:31 Ballistics
41:57 Leather Archer Armor
41:39 Bodkin Arrow
43:14 Ring Archer Armor
44:21 Bracer
46:31 Conscription
48:36 Chemistry
50:34 Conscription
50:30 Elite Plumed Archer
54:08 Bow Saw
Connection lost

Rejoining the realm…

Still unreachable

The connection could not be restored.

Session expired

The server has moved on; the page needs a fresh start.